 Dungeon Crawl Stone Soup version 0.27.0-1-g7a089689b8 (webtiles) character file.

Game seed: 8610899677092192182

96 Malachi the Chiller (level 4, -1/30 HPs)
             Began as a Barachi Ice Elementalist on Aug 15, 2021.
             Slain by Grinder (5 damage)
             ... on level 3 of the Dungeon.
             The game lasted 00:05:15 (1975 turns).

Malachi the Chiller (Barachi Ice Elementalist)      Turns: 1975, Time: 00:05:16

Health: -1/30      AC:  4    Str: 10    XL:     4   Next: 67%
Magic:  4/7        EV: 12    Int: 16    God:
Gold:   137        SH:  0    Dex: 12    Spells: 1/8 levels left

rFire    . . .     SeeInvis .   i - +0 dagger (venom)
rCold    . . .     Faith    .   (no shield)
rNeg     . . .     Spirit   .   a - +0 robe
rPois    .         Reflect  .   (no helmet)
rElec    .         Harm     .   b - +0 cloak
rCorr    .         Rampage  .   (no gloves)
Will     .....                  j - +0 pair of boots
Stlth    ++........             (no amulet)
HPRegen  0.10/turn              (no ring)
MPRegen  0.10/turn              (no ring)

@: unable to hop, slow
A: amphibious, slowness 1, strong legs 1, +LOS
a: Hop


You were on level 3 of the Dungeon.
You visited 1 branch of the dungeon, and saw 3 of its levels.

You collected 137 gold pieces.

Inventory:

Hand Weapons
 i - a +0 dagger of venom (weapon)
Armour
 a - a +0 robe (worn)
 b - a +0 cloak (worn)
 j - a +0 pair of boots (worn)
Scrolls
 c - 2 scrolls of teleportation {unknown}
 d - a scroll of blinking {unknown}
 h - a scroll of fog {unknown}


   Skills:
 + Level 0.1 Short Blades
 - Level 2.2 Dodging
 + Level 1.9 Stealth
 * Level 2.6 Spellcasting
 * Level 6.7 Ice Magic


You had one spell level left.
You knew the following spells:

 Your Spells              Type           Power      Damage    Failure   Level
a - Freeze                Ice            92%        1d10      1%          1
b - Frozen Ramparts       Ice            46%        1d6       3%          3
c - Ozocubu's Armour      Ice            23%        N/A       3%          3

Your spell library contained the following spells:

 Spells                   Type           Power      Damage    Failure   Level
 Animate Skeleton         Necr           4%         N/A       21%         1
 Pain                     Necr           8%         1d4       21%         1
 Static Discharge         Conj/Air       2%         N/A       30%         2
 Hailstorm                Conj/Ice       12%        3d5       43%         4
 Vampiric Draining        Necr           1%         2d6       52%         3
 Lightning Bolt           Conj/Air       1%         1d12      99%         5
 Maxwell's Capacitive Co  Air            1%         ∞         100%        8


Dungeon Overview and Level Annotations

Branches:
Dungeon (3/15)

Altars:

Shops:
D:1 (

Annotations:
D:3 Grinder


Innate Abilities, Weirdness & Mutations

You are amphibious.
You cover ground slowly.
You can hop short distances.
You have an extended range of vision and can be seen from far away.


Message History

You barely miss Grinder.
Grinder is moderately wounded.
Grinder hits you.
You writhe in agony.
You closely miss Grinder.
Grinder is moderately wounded.
Grinder hits you but does no damage.
You hit Grinder but do no damage.
Grinder looks as sick as possible!
Grinder is heavily wounded.
Grinder says, "Mostly I couldn't keep them alive."
Grinder gestures at you. Pain shoots through your body!
* * * LOW HITPOINT WARNING * * *
Unknown command.
Your icy armour will break if you move.
Continue?
Hop to where?
Press: ? - help, Dir - move target Your icy armour will break if you move.
Continue?
Your icy armour cracks and falls away as you move.
Boing!
It was a potion of attraction.
You feel attractive to monsters.
A rat comes into view.
Grinder is pulled toward you! The rat is pulled toward you!
It was a potion of might.
You feel very mighty all of a sudden. Grinder barely misses you.
The rat is pulled toward you!
It was a potion of cancellation.
Your magical effects are unravelling.
You feel magically purged.
You feel a little less mighty now. Grinder gestures at you.
You resist with significant effort. The rat is pulled toward you!
You feel less attractive to monsters.
You hit Grinder but do no damage.
Grinder is heavily wounded.
Grinder misses you. The rat bites you but does no damage.
You hit Grinder but do no damage.
Grinder is severely wounded.
Grinder hits you.
You die...

..## ........ #...
........ ..# (....... .#
### ##........ .## ..#
.......... ..##
##....#......... ...###
##..##.#.........
##...####..# #....?.[....
...........# ##5@r.......
...........###...........
...........#...###.......
#............### #####..
.......###....####
#####..###.##.(...... #
#...#.....####### ###
##........#
..#####.......#


You could see Grinder (very poisoned) and a rat.

Vanquished Creatures
  3 adders (D:2)
  A worm (D:3)
  3 dart slugs (D:2)
  2 orcs
  4 ball pythons
  6 bats
  3 endoplasms
  A giant cockroach (D:1)
  3 goblins
  2 hobgoblins (D:1)
  7 jackals (D:1)
  5 kobolds (D:1)
  2 quokkas (D:1)
  7 frilled lizards
  6 rats
55 creatures vanquished.

Notes
Turn   | Place    | Note
-------+----------+-------------------------------------------
     0 | D:1      | Malachi the Barachi Ice Elementalist began the quest for
                  | the Orb.
     0 | D:1      | Reached XP level 1. HP: 13/13 MP: 3/3
    19 | D:1      | You fall into a shaft and drop 1 floor!
    27 | D:2      | Reached skill level 5 in Ice Magic
    27 | D:2      | Reached XP level 2. HP: 19/19 MP: 1/5
   313 | D:2      | Reached XP level 3. HP: 24/24 MP: 2/6
   317 | D:2      | Learned a level 3 spell: Frozen Ramparts
   428 | D:2      | Reached skill level 6 in Ice Magic
   580 | D:2      | Found a faded altar of an unknown god.
  1149 | D:1      | Reached XP level 4. HP: 28/30 MP: 5/7
  1170 | D:1      | Found Ejeurph's Antique Weapon Shop.
  1888 | D:2      | Learned a level 3 spell: Ozocubu's Armour
  1937 | D:3      | Noticed Grinder
  1975 | D:3      | Slain by Grinder

Illustrated notes

Levels and vault maps discovered:
D:1:      psy_arrival_statuary, layout_basic, serial_shops, shop,
          minmay_misc_feat_iff
D:2:      layout_basic, shapermc_ecumenical_altar_notcrosses
D:3:      cheibrodos_helix_gallery, layout_rooms, kennysheep_cross_room,
          chequers_hall_statues_corner_a, uniq_grinder, uniq_sigmund

Skill      XL: |  1  2  3 |
---------------+----------+-----
Ice Magic      | 5 6 |  6.7
Short Blades   | |  0.1
Dodging        | |  2.2
Stealth        | |  1.9
Spellcasting   | |  2.6

Action                   |  1- 3 |  4- 6 || total
-------------------------+-------+-------++-------
Melee: Unarmed           |     5 |     1 ||     6
       Dagger            |       |    27 ||    27
 Cast: Freeze            |    21 |    20 ||    41
       Frozen Ramparts   |     3 |     3 ||     6
       Ozocubu's Armour  |       |     1 ||     1
 Abil: Hop               |     1 |     2 ||     3
  Use: Potion            |       |     3 ||     3
 Stab: Sleeping          |       |     2 ||     2
Armor: Robe              |     4 |    14 ||    18
Dodge: Dodged            |    18 |    38 ||    56
